 Dungeon Crawl Stone Soup version 0.18-a0-1763-g7aac3cf (webtiles) character file.

33867 TheGoonsmith the Impaler (level 13, -10/147 HPs)
             Began as a Merfolk Gladiator on Apr 13, 2016.
             Was a High Priest of Ru.
             Mangled by a death yak (12 damage)
             ... on level 7 of the Lair of Beasts.
             The game lasted 00:55:28 (21082 turns).

TheGoonsmith the Impaler (Merfolk Gladiator)       Turns: 21082, Time: 00:55:29

Health: -10/147    AC: 27    Str: 20    XL:     13   Next: 73%
Magic:  13/13      EV: 19    Int:  9    God:    Ru [*****.]
Gold:   1126       SH:  0    Dex: 13    Spells: 0 memorised, 12 levels left

rFire  . . .     SeeInvis .     b - +4 halberd (protect)
rCold  + . .     Gourm    .     w - +3 ring mail of the Republic {MR+ Dex-5 Slay+2}
rNeg   . . .     Faith    .     (shield currently unavailable)
rPois  .         Spirit   .     c - +2 helmet
rElec  .         Dismiss  .     g - +0 cloak {MR+}
rCorr  .         Reflect  .     o - +1 pair of gloves
SustAt .         Harm     .     z - +0 pair of boots
MR     ++...                    F - amulet of rage
Stlth  ..........               i - +4 ring of protection
                                h - ring of protection from cold

@: berserking (expiring), overwhelmed with horror, very quick, very resistant to
hostile enchantments, extremely unstealthy
A: change form in water, swift swim, frail 1, no stealth, hated by all,
cowardly, no air magic, no conjurations magic, no necromancy magic,
inexperienced 1
a: Draw Out Power, Power Leap, Apocalypse, Renounce Religion, Evoke Berserk Rage


You were on level 7 of the Lair of Beasts.
You worshipped Ru.
Ru was extremely pleased with you.
You were not hungry.

You visited 2 branches of the dungeon, and saw 18 of its levels.
You also visited: Bailey and Volcano.

You collected 1333 gold pieces.
You spent 207 gold pieces at shops.

Inventory:

Hand Weapons
 a - a +0 trident
 b - a +4 halberd of protection (weapon)
Missiles
 d - 4 curare-tipped needles
 j - 4 throwing nets
 s - 287 stones (quivered)
 u - 13 tomahawks
 x - 21 poisoned needles
 Z - 3 javelins
Armour
 c - a +2 helmet (worn)
 g - a +0 cloak of magic resistance (worn)
 n - a +1 chain mail of fire resistance
 o - a +1 pair of gloves (worn)
 v - a +0 scale mail of fire resistance
 w - the +3 ring mail of the Republic (worn) {MR+ Dex-5 Slay+2}
   (You found it on level 6 of the Lair of Beasts)

   It affects your dexterity (-5).
   It affects your accuracy and damage with ranged weapons and melee attacks
   (+2).
   It affects your resistance to hostile enchantments.
 z - a +0 pair of boots (worn)
 G - a steam dragon hide
 K - a +3 ring mail
Jewellery
 h - a ring of protection from cold (left hand)
 i - a +4 ring of protection (right hand)
 F - an amulet of rage (around neck)
Wands
 e - a wand of random effects (25/48)
 k - a wand of flame (11/48)
 p - a wand of digging (12/24)
 r - a wand of lightning (5/15)
 E - a wand of iceblast (5/15)
 P - a wand of acid (5/15)
Scrolls
 l - 3 scrolls of remove curse
 t - a scroll of magic mapping
 y - 5 scrolls of teleportation
 I - a scroll of identify
 N - 2 scrolls of blinking
Potions
 C - 3 potions of beneficial mutation {unknown}
 D - 2 potions of berserk rage
 J - 3 potions of resistance
 L - 2 potions of curing
 R - 2 potions of might
 S - 4 potions of lignification {unknown}
 U - 2 potions of flight
 W - 2 potions of haste
Books
 m - a book of Party Tricks

   Spells                             Type                      Level
   a - Summon Butterflies             Summoning                    1
   b - Apportation                    Translocation                1
   c - Tukima's Dance                 Hexes                        3
   d - Alistair's Intoxication        Transmutation/Poison         5
   e - Invisibility                   Hexes                        6
Miscellaneous
 O - a stone of tremors
Comestibles
 f - 11 bread rations
 q - 6 meat rations
 A - a slice of pizza
 B - 10 chunks of flesh
 H - 7 beef jerkies
 M - 7 fruits


   Skills:
 - Level 12.5 Fighting
 - Level 16.7 Polearms
 - Level 10.0 Throwing
 - Level 8.5 Armour
 + Level 14.6 Dodging


You had 12 spell levels left.
You didn't know any spells.

Dungeon Overview and Level Annotations

Branches:
Dungeon (11/15)            Temple (0/1) D:6            Lair (7/8) D:9
  Swamp (0/4) Lair:4        Snake (0/4) Lair:4          Orc (0/2) D:10
  Slime: Lair:6-8

Altars:
Dithmenos
Elyvilon
Makhleb
Nemelex Xobeh
Pakellas
Qazlal
Ru
Trog
Xom
Yredelemnul

Shops:
D:6 (   D:9 =   D:10 *


Innate Abilities, Weirdness & Mutations

You revert to your normal form in water.
You are very nimble and swift while swimming.
You are frail (-10% HP).
You cannot be stealthy.
You are hated by all.
Your cowardice makes you less effective in combat with threatening monsters.
You cannot study or cast Air magic.
You cannot study or cast Conjurations magic.
You cannot study or cast Necromancy magic.
You are somewhat inexperienced (-2 XL).


Message History

The death yak is heavily wounded.
You redirect the death yak's attack!
The death yak gores the death yak!!
You puncture the death yak!
The death yak is severely wounded.
You puncture the death yak!
The death yak is severely wounded.
The death yak gores you!!
* * * LOW HITPOINT WARNING * * *
You focus your will and slow the death yak in retribution!
You slash the death yak!
The death yak is almost dead.
You slash the death yak!
You kill the death yak!
You slice the death yak!!
The death yak is severely wounded.
You hit the death yak but do no damage.
The death yak is severely wounded.
The death yak gores you!
You die...

.........######...P...#######....
.....#...# ######### #....
...P.#...# '..' #.... .........#
#..#### #P... .........######
#..#..######.... ............)..
#..#............ .........######
#..#..######....
.....P...#..Y.####..####....#....
.....P...#..YYYY@'..'†.'....#....
.........#..YY####..####....#..#.
.........###### #..#..######....
............... #..#............
.........###### #..#..######....
.........# ..####..####....#....
†........# ..'..'..'..'....##...
.........# ..####..####....#P...
.........#### #..#..#..######....


You could see a death yak, 5 yaks and a sheep.

Vanquished Creatures
  An orc warlord (Bailey)
  Fannar (Lair:2)
  3 hydras
  The ghost of edsrzf the Merchant of Misery, a journeyman DDCj of Kikubaaqudgha (D:10)
  9 death yaks (Lair:7)
  Sonja (Lair:3)
  A fire crab (Lair:6)
  3 orc knights
  2 griffons (Lair:3)
  11 elephants
  2 molten gargoyles (Volcano)
  A centaur skeleton (D:10)
  3 rime drakes
  8 spiny frogs
  6 komodo dragons
  A troll (D:9)
  A polar bear (Lair:6)
  17 blink frogs
  Sigmund (D:4)
  2 spriggans
  2 wyverns
  52 yaks
  2 basilisks
  2 humans (Lair:7)
  9 hippogriffs
  9 porcupines
  13 water moccasins
  A swamp drake (Lair:4)
  3 sky beasts
  23 orc warriors
  An ice beast (D:10)
  An eye of draining (D:8)
  3 phantoms
  7 ogres
  6 centaurs
  19 crocodiles
  19 giant frogs
  A water moccasin skeleton (D:9)
  2 scorpions
  9 killer bees
  9 wights (D:8)
  7 crimson imps
  2 centaur zombies (D:10)
  A quasit (D:6)
  A giant frog zombie (D:10)
  2 giant frog skeletons
  2 hounds
  5 orc priests
  3 jellies
  7 orc wizards
  10 iguanas
  8 worker ants
  8 sheep (Lair:7)
  A hound skeleton (D:8)
  16 adders
  14 gnolls
  67 river rats
  3 shadow imps
  2 adder skeletons
  6 worms
  3 dart slugs
  3 giant geckos
  46 orcs
  A ball python (D:6)
  7 giant cockroaches
  19 goblins
  22 hobgoblins
  10 jackals
  6 quokkas
  5 bats
  3 giant newts
  2 gnoll zombies (D:7)
  6 kobolds
  5 rats
  3 fungi
574 creatures vanquished.

Vanquished Creatures (others)
  A blink frog (Lair:3)
  2 humans (Lair:7)
  A steam dragon (D:10)
  A sheep (Lair:7)
  A river rat (Lair:7)
  An orc (D:10)
  2 fungi
9 creatures vanquished.

Grand Total: 583 creatures vanquished

Notes
Turn   | Place    | Note
--------------------------------------------------------------
     0 | D:1      | TheGoonsmith the Merfolk Gladiator began the quest for the Orb.
     0 | D:1      | Reached XP level 1. HP: 16/16 MP: 1/1
    92 | D:1      | Reached skill level 5 in Polearms
   137 | D:1      | Reached XP level 2. HP: 22/22 MP: 2/2
   868 | D:2      | Reached skill level 6 in Polearms
   868 | D:2      | Reached XP level 3. HP: 23/27 MP: 3/3
  1149 | D:2      | Reached skill level 7 in Polearms
  1149 | D:2      | Reached XP level 4. HP: 32/33 MP: 4/4
  1730 | D:3      | Reached XP level 5. HP: 31/41 MP: 5/5
  1736 | D:3      | Reached skill level 5 in Dodging
  2508 | D:4      | Reached XP level 6. HP: 44/47 MP: 6/6
  2621 | D:4      | Reached skill level 8 in Polearms
  3090 | D:4      | Noticed Sigmund
  3104 | D:4      | Killed Sigmund
  3104 | D:4      | Reached skill level 10 in Polearms
  3104 | D:4      | Reached XP level 7. HP: 29/52 MP: 7/7
  3667 | D:4      | Found a sparkling altar of Nemelex Xobeh.
  3894 | D:4      | Found a shimmering altar of Xom.
  3957 | D:4      | Reached skill level 11 in Polearms
  4062 | D:4      | Reached XP level 8. HP: 15/58 MP: 8/8
  4308 | D:5      | Entered Level 5 of the Dungeon
  4429 | D:6      | Reached skill level 12 in Polearms
  4721 | D:6      | Found a shadowy altar of Dithmenos.
  4731 | D:6      | Reached skill level 13 in Polearms
  4884 | D:6      | Found Loitsiul's Antique Weapon Emporium.
  4891 | D:6      | Found an oddly glowing altar of Pakellas.
  4892 | D:6      | Bought a glowing halberd for 132 gold pieces
  4906 | D:6      | Found a sacrificial altar of Ru.
  4907 | D:6      | Found a stormy altar of Qazlal.
  4907 | D:6      | Found a burning altar of Makhleb.
  4948 | D:6      | Became a worshipper of Ru the Awakened
  5024 | D:6      | Found a staircase to the Ecumenical Temple.
  5905 | D:7      | Reached skill level 14 in Polearms
  6125 | D:7      | Reached XP level 9. HP: 59/63 MP: 9/9
  6159 | D:7      | Reached skill level 15 in Polearms
  6576 | D:7      | Found a shadowy altar of Dithmenos.
  6772 | D:7      | Found a basalt altar of Yredelemnul.
  6893 | D:7      | Reached skill level 16 in Polearms
  6982 | D:8      | Gained mutation: You cannot be stealthy. [Ru sacrifice]
  7248 | D:8      | Reached skill level 5 in Fighting
  7398 | D:8      | Reached XP level 10. HP: 68/74 MP: 10/10
  8079 | D:8      | Found a bloodstained altar of Trog.
  8259 | D:9      | Found Gaitry Tank's Jewellery Shop.
  8275 | D:9      | Reached skill level 1 in Armour
  8334 | D:9      | Found a flagged portal.
  8341 | Bailey   | Entered a bailey
  8654 | Bailey   | Noticed an orc knight
  8664 | Bailey   | Killed an orc knight
  8709 | Bailey   | Gained mutation: You cannot study or cast Air magic. [Ru sacrifice]
  8709 | Bailey   | Gained mutation: You cannot study or cast Necromancy magic. [Ru sacrifice]
  8709 | Bailey   | Gained mutation: You cannot study or cast Conjurations magic. [Ru sacrifice]
  8709 | Bailey   | Reached * piety under Ru
  8709 | Bailey   | Reached ** piety under Ru
  8955 | Bailey   | Noticed an orc warlord
  8955 | Bailey   | Noticed an orc knight
  8982 | Bailey   | Killed an orc warlord
  8982 | Bailey   | Reached XP level 11. HP: 15/90 MP: 11/11
  9089 | Bailey   | Reached skill level 10 in Fighting
  9329 | Bailey   | Killed an orc knight
  9491 | Bailey   | Got a transparent morningstar {vamp}
  9522 | D:9      | Identified a scroll of acquirement
  9622 | D:9      | Found a staircase to the Lair.
 10103 | D:10     | Entered Level 10 of the Dungeon
 10377 | D:10     | Noticed edsrzf's ghost (journeyman DDCj)
 10398 | D:10     | Killed edsrzf's ghost
 10491 | D:10     | Found a staircase to the Orcish Mines.
 10803 | D:10     | Found Ecane's Assorted Antiques.
 10806 | D:10     | Bought a silvery potion for 23 gold pieces
 10806 | D:10     | Bought a scroll labeled HUVARGH PIEHYAW for 26 gold pieces
 10806 | D:10     | Bought a scroll labeled GUWIHI DABYCA for 26 gold pieces
 11009 | Lair:1   | Entered Level 1 of the Lair of Beasts
 11010 | Lair:1   | Identified the +8 morningstar "Impslayer" {vamp, Fragile +Rage MP+9} (You took it off an orc warrior in a bailey)
 11298 | Lair:1   | Reached skill level 5 in Armour
 11298 | Lair:1   | Reached XP level 12. HP: 102/102 MP: 12/12
 11426 | Lair:1   | Reached skill level 10 in Dodging
 12017 | Lair:2   | Noticed Fannar
 12056 | Lair:2   | Killed Fannar
 12177 | Lair:2   | Found a white marble altar of Elyvilon.
 13365 | Lair:3   | Reached skill level 5 in Throwing
 13624 | Lair:3   | Gained mutation: You are somewhat inexperienced (-2 XL). [Ru sacrifice]
 13624 | Lair:3   | Reached XP level 11. HP: 95/95 MP: 11/11
 13624 | Lair:3   | Reached XP level 10. HP: 89/89 MP: 10/10
 13624 | Lair:3   | Reached *** piety under Ru
 13627 | Lair:3   | Noticed a spiny frog
 13636 | Lair:3   | Killed a spiny frog
 13642 | Lair:3   | Noticed a spiny frog
 13643 | Lair:3   | Noticed a griffon
 13653 | Lair:3   | Killed a spiny frog
 13661 | Lair:3   | Killed a griffon
 13802 | Lair:3   | Noticed a six-headed hydra
 13808 | Lair:3   | Noticed a five-headed hydra
 13811 | Lair:3   | Noticed an elephant
 13813 | Lair:3   | Noticed an elephant
 13871 | Lair:3   | Killed a six-headed hydra
 13871 | Lair:3   | Reached XP level 11. HP: 20/95 MP: 11/11
 14400 | Lair:3   | Killed a seven-headed hydra
 14718 | Lair:3   | Noticed Sonja
 14736 | Lair:3   | Killed Sonja
 15060 | Lair:3   | Reached skill level 10 in Throwing
 15691 | Lair:4   | Reached XP level 12. HP: 102/102 MP: 12/12
 15725 | Lair:4   | Found a staircase to the Swamp.
 16120 | Lair:4   | Gained mutation: You are hated by all. [Ru sacrifice]
 16120 | Lair:4   | Reached **** piety under Ru
 16142 | Lair:4   | Noticed a six-headed hydra
 16199 | Lair:4   | Killed a six-headed hydra
 16635 | Lair:4   | Found a staircase to the Snake Pit.
 18001 | Lair:6   | Found a dark tunnel.
 18010 | Volcano  | Entered a volcano
 18029 | Volcano  | Gained mutation: Your cowardice makes you less effective in combat with threatening monsters. [Ru sacrifice]
 18029 | Volcano  | Reached ***** piety under Ru
 18302 | Volcano  | Found a burning altar of Makhleb.
 18790 | Lair:6   | Reached XP level 13. HP: 81/109 MP: 13/13
 19157 | Lair:6   | Got a bronze ring mail
 19571 | Lair:7   | Identified the +3 ring mail of the Republic {MR+ Dex-5 Slay+2} (You found it on level 6 of the Lair of Beasts)
 20595 | Lair:7   | Gained mutation: You are frail (-10% HP). [Ru sacrifice]
 21078 | Lair:7   | HP: 1/147 [death yak (19)]
 21082 | Lair:7   | Mangled by a death yak

Vault maps used:
D:1:      mainiacjoe_arrival_reflecting_pool
D:3:      first_bread, minmay_misc_feat_alley, hangedman_glass_teeth
D:4:      led_xom_imps, nemelex_deck, uniq_sigmund
D:5:      serial_shops, kennysheep_little_box
D:6:      grunt_temple_overflow_open, temple_hall, serial_shops, shop,
          grunt_ministairs_6, grunt_dithmenos_shadows
D:7:      nicolae_whirlpool, lemuel_zombie_altar_yredelemnul, basic_altar,
          the_bakery
D:8:      lemuel_upstairs_altar, lemuel_round_altar
D:9:      lair_0_dummy, serial_shops, shop, enter_bailey_2
D:10:     kennysheep_six_static_rooms, orc_david_3, serial_shops,
          kennysheep_mini_moat
D:11:     elyvilon_altar_4
Lair:1:   grunt_forest_large_clearing_hut
Lair:2:   basic_altar, grunt_megastairs_4, uniq_fannar
Lair:3:   grunt_megastairs_5, uniq_sonja
Lair:4:   minmay_swamp_entry_reptiles, guppyfry_snake_entry_garden
Lair:6:   enter_volcano_1
Lair:7:   slaughterhouse, lemuel_fruit_tree
Bailey:   bailey_axe_minmay_hex_keep, bailey
Volcano:  volcano_lake

Skill      XL: |  1  2  3  4  5  6  7  8  9 10 11 12 13 |
---------------+----------------------------------------+-----
Polearms       | 5 6 7 10 11 14 16 | 16.7
Fighting       | 3 5 9 12 | 12.5
Dodging        | 6 9 11 14 | 14.6
Armour         | 2 5 8 |  8.5
Throwing       | 7 10 6 | 10.0

Action                   |  1- 3 |  4- 6 |  7- 9 | 10-12 | 13-15 || total
-------------------------+-------+-------+-------+-------+-------++-------
Melee: Trident           |   114 |    70 |       |    41 |       ||   225
       Halberd           |       |   117 |   379 |  1404 |   417 ||  2317
Throw: Stone             |       |       |   121 |   360 |   118 ||   599
       Throwing net      |       |       |       |    10 |       ||    10
       Javelin           |       |       |       |     8 |       ||     8
       Tomahawk          |       |       |       |    20 |       ||    20
Invok: Sacrifice Stealth |       |       |     1 |       |       ||     1
       Sacrifice Arcana  |       |       |       |     1 |       ||     1
       Sacrifice Experie |       |       |       |     1 |       ||     1
       Reject Sacrifices |       |       |       |     1 |       ||     1
       Sacrifice Love    |       |       |       |     1 |       ||     1
       Sacrifice Courage |       |       |       |     1 |       ||     1
       Sacrifice Health  |       |       |       |       |     1 ||     1
Evoke: Club              |       |       |       |     5 |       ||     5
  Use: Potion            |       |     3 |       |     7 |     2 ||    12
       Scroll            |       |       |    14 |    19 |       ||    33
 Stab: Sleeping          |       |     5 |     1 |       |       ||     6
       Held in net/web   |       |       |       |     3 |       ||     3
       Distracted        |       |       |       |     6 |       ||     6
       Invisible         |       |       |       |    18 |     3 ||    21
  Eat: Chunk             |       |     7 |    10 |    30 |     2 ||    49
       Bread ration      |       |       |     1 |     1 |     1 ||     3
       Fruit             |       |       |       |     2 |       ||     2
       Royal jelly       |       |       |       |       |     1 ||     1
       Pizza             |       |       |       |       |     1 ||     1
Armor: Leather armour    |    32 |    25 |    61 |       |       ||   118
       Ring mail         |       |       |    35 |   347 |   115 ||   497
       Scale mail        |       |       |       |    15 |    11 ||    26
Dodge: Dodged            |    62 |    91 |   195 |   811 |   237 ||  1396
